 Dungeon Crawl Stone Soup version 0.26.1-11-gd32895ea62 (webtiles) character file.

Game seed: 7547225763869293040

263291 KamiKatze the Scorcher (level 19, -19/157 HPs)
             Began as a Red Draconian Conjurer on June 17, 2021.
             Was the Champion of Vehumet.
             Shot with a bolt by a yaktaur captain (43 damage)
             ... on level 4 of the Vaults on June 18, 2021.
             The game lasted 05:08:20 (51751 turns).

KamiKatze the Scorcher (Red Draconian Conjurer)    Turns: 51751, Time: 05:08:20

Health: -19/157    AC: 20    Str: 10    XL:     19   Next: 62%
Magic:  1/40       EV: 14    Int: 26    God:    Vehumet [******]
Gold:   555        SH:  6    Dex: 10    Spells: 9/52 levels left

rFire    + + +     SeeInvis +   a - staff of air
rCold    . . .     Faith    .   J - +2 buckler
rNeg     . . .     Spirit   .   (armour unavailable)
rPois    +         Reflect  .   L - +0 hat {Will+}
rElec    +         Harm     .   r - +2 cloak of the Thief {*Fog Slay-2 SInv Stlth+}
rCorr    +         Rampage  .   z - +0 pair of gloves of Umuowky {rF++ Regen+ rCorr Slay-2}
Will     ++...                  N - +1 pair of boots
Stlth    +++++.....             (no amulet)
HPRegen  0.76/turn              u - +4 ring of protection
MPRegen  0.27/turn              S - ring of poison resistance

@: no status effects
A: breathe fire, unfitting armour, fire resistance 1, cold-blooded, AC +10
}: 1/15 runes: serpentine
a: Breathe Fire, Renounce Religion


You were on level 4 of the Vaults.
You worshipped Vehumet.
Vehumet was exalted by your worship.
You visited 6 branches of the dungeon, and saw 32 of its levels.
You also visited: Wizlab.

You collected 4300 gold pieces.
You spent 3745 gold pieces at shops.

Inventory:

Hand Weapons
 A - a +4 dagger of venom
Missiles
 G - 5 throwing nets (quivered)
Armour
 r - the +2 cloak of the Thief (worn) {*Fog Slay-2 SInv Stlth+}
   (You bought it in a shop on level 6 of the Dungeon)

   It affects your accuracy and damage with ranged weapons and melee attacks
   (-2).
   It lets you see invisible.
   It makes you more stealthy.
 z - the +0 pair of gloves of Umuowky (worn) {rF++ Regen+ rCorr Slay-2}
   (You bought it in a shop on level 6 of the Dungeon)

   It affects your accuracy and damage with ranged weapons and melee attacks
   (-2).
   It greatly protects you from fire.
   It increases your rate of regeneration.
   It provides partial protection from all sources of acid and corrosion.
 J - a +2 buckler (worn)
 L - a +0 hat of willpower (worn)
 N - a +1 pair of boots (worn)
Magical Staves
 a - an uncursed staff of air (weapon)
 c - an uncursed staff of conjuration
 e - an uncursed staff of earth
 f - an uncursed staff of fire
Jewellery
 s - an uncursed ring of wizardry
 u - a +4 ring of protection (left hand)
 O - the ring of Xuysaremo {rF+ rCorr Dex+3}
   (You found it on level 4 of the Lair of Beasts)

   [ring of resist corrosion]

   It affects your dexterity (+3).
   It protects you from fire.
   It provides partial protection from all sources of acid and corrosion.
 S - a ring of poison resistance (right hand)
Wands
 l - a wand of paralysis (13)
 q - a wand of random effects (16)
 w - a wand of flame (106)
 x - a wand of acid (9)
 y - a wand of polymorph (10)
 D - a wand of disintegration (7)
 Q - a wand of iceblast (11)
 R - a wand of enslavement (24)
Scrolls
 d - 21 scrolls of identify
 j - 3 scrolls of holy word
 n - a scroll of magic mapping
 t - 9 scrolls of remove curse
 E - a scroll of summoning
 F - 6 scrolls of fog
 I - a scroll of blinking
 K - 4 scrolls of fear
 M - 11 scrolls of teleportation
Potions
 b - 6 potions of lignification
 g - a potion of ambrosia
 h - 4 potions of might
 i - 2 potions of magic
 k - 13 potions of curing
 o - 2 potions of brilliance
 v - 5 potions of flight
 B - a potion of cancellation
 C - 2 potions of invisibility
 H - 6 potions of haste
 T - 2 potions of berserk rage
 X - a potion of resistance
Miscellaneous
 P - a phial of floods


   Skills:
 - Level 11.0 Fighting
 - Level 6.0 Dodging
 - Level 9.0 Stealth
 - Level 4.0 Shields
 - Level 17.0 Spellcasting
 - Level 15.2 Conjurations
 - Level 9.0 Hexes
 - Level 9.0 Translocations
 + Level 17.4 Fire Magic
 - Level 6.0 Air Magic
 - Level 10.0 Earth Magic
 - Level 3.0 Poison Magic


You had 9 spell levels left.
You knew the following spells:

 Your Spells              Type           Power        Failure   Level
a - Magic Dart            Conj           100%         0%          1
b - Searing Ray           Conj           100%         0%          2
c - Fulminant Prism       Conj/Hex       35%          1%          4
d - Iskenderun's Mystic   Conj/Tloc      71%          1%          4
e - Iron Shot             Conj/Erth      36%          1%          6
f - Fireball              Conj/Fire      41%          1%          5
g - Conjure Ball Lightni  Conj/Air       43%          1%          6
h - Orb of Destruction    Conj           39%          1%          7
i - Ignition              Fire           42%          3%          8

Your spell library contained the following spells:

 Spells                   Type           Power        Failure   Level
 Lehudib's Crystal Spear  Conj/Erth      36%          21%         8
 Fire Storm               Conj/Fire      41%          54%         9
 Absolute Zero            Ice            11%          100%        9
 Apportation              Tloc           100%         1%          1
 Corona                   Hex            68%          1%          1
 Shock                    Conj/Air       100%         1%          1
 Slow                     Hex            62%          1%          2
 Swiftness                Air            68%          1%          2
 Dazzling Flash           Conj/Hex       100%         1%          3
 Inner Flame              Hex/Fire       74%          1%          3
 Mephitic Cloud           Conj/Pois/Air  77%          1%          3
 Portal Projectile        Hex/Tloc       100%         1%          3
 Static Discharge         Conj/Air       86%          1%          3
 Airstrike                Air            34%          1%          4
 Cause Fear               Hex            31%          1%          4
 Leda's Liquefaction      Hex/Erth       32%          1%          4
 Bolt of Magma            Conj/Fire/Erth 38%          1%          5
 Irradiate                Conj/Tmut      28%          1%          5
 Lightning Bolt           Conj/Air       43%          1%          5
 Starburst                Conj/Fire      41%          1%          6
 Animate Skeleton         Necr           44%          2%          1
 Beastly Appendage        Tmut           44%          2%          1
 Pain                     Necr           88%          2%          1
 Summon Small Mammal      Summ           88%          2%          1
 Wereblood                Tmut           22%          3%          2
 Spider Form              Tmut/Pois      14%          3%          3
 Vampiric Draining        Necr           11%          7%          3
 Borgnjor's Vile Clutch   Necr/Erth      24%          8%          5
 Animate Dead             Necr           11%          22%         4
 Ice Form                 Ice/Tmut       22%          22%         4
 Statue Form              Tmut/Erth      32%          41%         6
 Agony                    Necr           22%          52%         5
 Blade Hands              Tmut           11%          52%         5
 Death Channel            Necr           11%          98%         6
 Hydra Form               Tmut           11%          98%         6
 Simulacrum               Ice/Necr       11%          98%         6
 Dragon Form              Tmut           11%          100%        7
 Shatter                  Erth           32%          100%        9


Dungeon Overview and Level Annotations

Branches:
Dungeon (15/15)            Temple (1/1) D:6            Lair (6/6) D:10
  Swamp (0/4) Lair:4        Snake (4/4) Lair:4        Slime (0/5) Lair:5
    Orc (2/2) D:11            Elf (0/3) Orc:2        Vaults (4/5) D:14
  Crypt (0/3) Vaults:3     Depths (0/5) D:15         WizLab (visited)

Altars:
Ashenzari
Cheibriados
Dithmenos
Elyvilon
Fedhas
Gozag
Hepliaklqana
Kikubaaqudgha
Makhleb
Nemelex Xobeh
Okawaru
Qazlal
Ru
Sif Muna
Trog
Uskayaw
Vehumet
Wu Jian
Xom
Yredelemnul
Zin
The Shining One
Beogh
Jiyva

Shops:
D:6 *[   D:12 :   Orc:2 *((*   Snake:2 !*[:   Snake:3 !}*   Vaults:1 }

Portals:
Trove: Vaults:2 (lose all piety)

Annotations:
D:13 dig here w:1
Lair:5 1 runed translucent door, exclusion: door, Olaeruacom's ghost, journeyman MiBe


Innate Abilities, Weirdness & Mutations

You can breathe blasts of fire.
Your fiery red scales are hard. (AC +10)
You cannot fit into any form of body armour.
Your flesh is heat resistant. (rF+)
You are cold-blooded and may be slowed by cold attacks.


Message History

Unknown command.
Aiming: Disintegrate
Press: ? - help, Shift-Dir - straight line, f/p - yaktaur captain
Aim: a yaktaur captain, wielding a +0 arbalest and quivering 13 bolts (heavily wounded, chance to affect: 30%)
The yaktaur captain easily resists.
The yaktaur captain shoots a bolt.
You block the bolt.
Unknown command.
Casting: Iron Shot (mildly dangerous; 1% risk of failure)
Confirm with . or Enter, or press ? or * to list all spells.
You don't have enough magic to cast that spell.
Casting: Iron Shot (mildly dangerous; 1% risk of failure)
Confirm with . or Enter, or press ? or * to list all spells.
Aiming: Fireball (safe; 1% risk of failure)
Press: ? - help, Shift-Dir - straight line, f/p - yaktaur captain
Aim: a yaktaur captain, wielding a +0 arbalest and quivering 12 bolts (grey smoke, heavily wounded)
The fireball explodes!
The fireball engulfs the yaktaur captain!!
The yaktaur captain is almost dead.
You feel better.
The yaktaur captain shoots a bolt.
The bolt hits you!!!
You die...

#..(...#
#......#
#.....<#
#......#
#......'
#.....c#
#....§.#
#######§###
.....§§@§§#
.....§§§§§#
.....§§§§§#
..........#
..........#
........p)'
..........#.
..........###


You could see a yaktaur captain.

Vanquished Creatures
  Jorgrun (D:13)
  Gastronok (Lair:1)
  2 sphinxes
  13 nagarajas
  Aizul (Snake:2)
  5 vault wardens
  A frost giant (Vaults:3)
  7 ironheart preservers
  An orc warlord (Orc:1)
  9 stone giants
  5 entropy weavers
  A deep elf death mage (Vaults:2)
  A statue (WizLab)
  A fire dragon (Vaults:1)
  Harold (Lair:1)
  2 yaktaur captains
  3 great orbs of eyes
  10 hydras
  A rakshasa (Vaults:2)
  Erolcha (Orc:1)
  7 vault guards
  7 boulder beetles
  20 anacondas
  16 naga warriors
  5 centaur warriors
  24 two-headed ogres
  A merfolk avatar (Lair:6)
  A satyr (shapeshifter) (Vaults:2)
  6 ogre magi
  2 death knights
  9 naga sharpshooters
  A queen ant (Lair:5)
  23 death yaks
  4 orc high priests (Orc:2)
  5 shock serpents
  Nergalle (Lair:3)
  3 skeletal warriors (Vaults:1)
  A shadow wraith (Vaults:1)
  5 deep elf knights
  2 salamander mystics (Snake:3)
  A fire crab (Lair:6)
  6 unseen horrors
  2 glowing orange brains
  4 sea snakes
  4 deep trolls
  A goliath frog (shapeshifter) (D:14)
  13 ironbrand convokers
  11 naga ritualists
  A necromancer (Vaults:1)
  A deep elf archer (Vaults:2)
  Pikel (D:5)
  4 wolf spiders
  5 orc knights
  3 orc sorcerers
  10 harpies
  23 ugly things
  10 salamanders
  2 mana vipers
  A will-o-the-wisp (Lair:4)
  11 deep elf magi
  An orb spider (shapeshifter) (Vaults:3)
  5 oklob plants
  15 cyclopes
  4 manticores
  9 elephants
  An elephant (shapeshifter) (Vaults:2)
  17 guardian serpents
  Joseph (D:10)
  Maurice (D:8)
  12 naga magi
  9 vault sentinels
  30 black mambas
  Maggie (D:8)
  17 cane toads
  5 gargoyles
  Psyche (D:8)
  7 rime drakes
  2 efreet
  3 freezing wraiths
  14 komodo dragons
  19 yaktaurs
  5 kobold demonologists
  A rime drake (shapeshifter) (Vaults:1)
  6 polar bears
  3 hornets
  A tengu simulacrum (Vaults:2)
  6 trolls
  2 saltlings (Vaults:4)
  15 slime creatures
  A stone giant simulacrum (Vaults:1)
  13 blink frogs
  A boulder beetle zombie (Vaults:1)
  6 redbacks
  A tarantella (Orc:1)
  2 shadows (D:14)
  An elf zombie (Vaults:1)
  A centaur simulacrum (D:14)
  A yak (shapeshifter) (Vaults:4)
  5 wyverns
  32 yaks
  2 wraiths
  4 basilisks
  14 vampire mosquitoes
  Menkaure (D:7)
  A warg (shapeshifter) (Vaults:1)
  An ogre zombie (Vaults:1)
  2 acid dragons
  5 wargs
  10 soldier ants
  46 nagas
  18 water moccasins
  26 orc warriors
  4 ice beasts
  2 sky beasts
  2 necrophages
  22 ogres
  An orc zombie (Vaults:1)
  14 wolves
  4 boggarts (Vaults:1)
  5 centaurs
  A lemure (D:5)
  3 big kobolds
  22 bullfrogs
  A deep troll simulacrum (Vaults:2)
  A gnoll sergeant (D:12)
  2 water moccasin zombies
  3 scorpions
  4 killer bees (D:11)
  8 wights
  2 electric eels (Lair:4)
  2 howler monkeys
  A human simulacrum (Vaults:2)
  3 centaur zombies
  A quasit (D:8)
  5 bullfrog zombies
  9 hounds
  3 jellies
  3 centaur skeletons
  28 orc priests
  3 bullfrog skeletons
  31 orc wizards
  33 worker ants
  A hound skeleton (D:9)
  A worker ant zombie (D:9)
  5 gnolls (D:12)
  6 adders
  2 shadow imps
  2 white imps
  5 ufetubi
  An ooze (shapeshifter) (Vaults:1)
  An adder zombie (D:5)
  2 worms (D:2)
  2 dart slugs
  10 leopard geckos
  73 orcs
  A bat (shapeshifter) (D:15)
  8 giant cockroaches
  2 gnoll zombies (D:6)
  9 goblins
  7 hobgoblins
  6 jackals
  4 quokkas
  A ball python (D:2)
  5 bats
  18 kobolds
  A leopard gecko skeleton (D:6)
  A leopard gecko zombie (D:6)
  A quokka skeleton (D:4)
  7 rats
  2 bushes
  4 fulminant prisms
1142 creatures vanquished.

Vanquished Creatures (collateral kills)
  30 ball lightnings
30 creatures vanquished.

Vanquished Creatures (others)
  A komodo dragon (D:14)
  479 ball lightnings
  6 foxfires (Lair:4)
  443 fulminant prisms
  80 fungi
  193 plants
1202 creatures vanquished.

Grand Total: 2374 creatures vanquished

Notes
Turn   | Place    | Note
-------+----------+-------------------------------------------
     0 | D:1      | KamiKatze the Draconian Conjurer began the quest for the
                  | Orb.
     0 | D:1      | Reached XP level 1. HP: 14/14 MP: 3/3
   455 | D:1      | Reached XP level 2. HP: 20/20 MP: 1/5
   458 | D:1      | Learned a level 2 spell: Searing Ray
  1186 | D:2      | Reached XP level 3. HP: 26/26 MP: 1/6
  1373 | D:2      | Found a sparkling altar of Nemelex Xobeh.
  1614 | D:2      | Reached XP level 4. HP: 33/33 MP: 2/8
  2006 | D:3      | Reached skill level 5 in Conjurations
  2191 | D:3      | Reached XP level 5. HP: 38/38 MP: 6/10
  2196 | D:3      | Learned a level 4 spell: Fulminant Prism
  2201 | D:3      | Learned a level 4 spell: Iskenderun's Mystic Blast
  2934 | D:4      | Reached skill level 1 in Hexes
  2934 | D:4      | Reached skill level 1 in Translocations
  2952 | D:4      | Noticed an ogre
  2962 | D:4      | Killed an ogre
  2963 | D:4      | Reached XP level 6. HP: 30/45 MP: 0/12
  3330 | D:5      | Entered Level 5 of the Dungeon
  3411 | D:5      | Your scales start taking on a fiery red colour.
  3411 | D:5      | Reached XP level 7. HP: 47/50 MP: 8/13
  3411 | D:5      | Gained mutation: Your flesh is heat resistant. (rF+) [Red
                  | Draconian growth]
  3470 | D:5      | Noticed Pikel
  3870 | D:5      | Killed Pikel
  3871 | D:5      | Reached skill level 5 in Spellcasting
  3871 | D:5      | Reached XP level 8. HP: 32/57 MP: 13/15
  4497 | D:6      | Found Esopeetas's Armour Shoppe.
  4893 | D:6      | Found a staircase to the Ecumenical Temple.
  4902 | Temple   | Entered the Ecumenical Temple
  4985 | Temple   | Became a worshipper of Vehumet
  5085 | D:6      | Found Gudiog's Assorted Antiques.
  5103 | D:6      | Bought a scroll labelled XIASUMAGGA for 33 gold pieces
  5346 | D:6      | Found a basalt altar of Yredelemnul.
  5536 | D:7      | Reached skill level 5 in Translocations
  5538 | D:7      | Noticed Menkaure
  5760 | D:8      | Noticed Maurice
  5771 | D:8      | Killed Maurice
  5772 | D:8      | Reached XP level 9. HP: 61/62 MP: 16/18
  5849 | D:8      | Noticed a two-headed ogre
  5866 | D:8      | Reached skill level 5 in Hexes
  6501 | D:8      | Killed a two-headed ogre
  6572 | D:6      | Bought the cursed +0 pair of gloves of Umuowky {rF++ Regen+
                  | rCorr Slay-2} for 301 gold pieces
  6635 | D:8      | Noticed Psyche
  6644 | D:8      | Killed Psyche
  6644 | D:8      | Reached * piety under Vehumet
  6644 | D:8      | Offered knowledge of Shock by Vehumet.
  6645 | D:8      | Reached skill level 1 in Shields
  6891 | D:8      | Noticed Maggie
  6899 | D:8      | Killed Maggie
  6900 | D:8      | Reached XP level 10. HP: 57/69 MP: 12/21
  7706 | D:9      | Reached ** piety under Vehumet
  7714 | D:9      | Offered knowledge of Freeze by Vehumet.
  8148 | D:9      | Found an iron altar of Okawaru.
  8219 | D:10     | Entered Level 10 of the Dungeon
  8233 | D:10     | Noticed a manticore
  8245 | D:10     | Noticed a death yak
  8245 | D:10     | Noticed a death yak
  8246 | D:10     | Noticed a death yak
  8246 | D:10     | Noticed a death yak
  8348 | D:10     | Noticed a death yak
  8353 | D:10     | Killed a manticore
  8354 | D:10     | Reached skill level 1 in Fighting
  8854 | D:7      | Killed Menkaure
  8926 | D:10     | Noticed a death yak
  8981 | D:9      | Killed a death yak
  9080 | D:9      | Killed a death yak
  9228 | D:10     | Noticed Joseph
  9266 | D:10     | Killed Joseph
  9267 | D:10     | Reached XP level 11. HP: 57/79 MP: 7/23
  9387 | D:10     | Killed an unseen horror
  9566 | D:10     | Killed a death yak
  9567 | D:10     | Killed a death yak
  9612 | D:10     | Found a staircase to the Lair.
 10046 | D:10     | Killed a death yak
 10058 | D:10     | Killed a death yak
 10262 | D:11     | Killed an unseen horror
 10271 | D:11     | Offered knowledge of Inner Flame by Vehumet.
 10405 | D:11     | Killed an unseen horror
 10490 | D:11     | Found a staircase to the Orcish Mines.
 10629 | D:11     | Reached *** piety under Vehumet
 10681 | D:11     | Noticed a six-headed hydra
 10690 | D:11     | Killed a six-headed hydra
 10691 | D:11     | Reached skill level 10 in Conjurations
 10933 | D:11     | Found a snail-covered altar of Cheibriados.
 11138 | D:12     | Noticed a deep elf mage
 11181 | Lair:1   | Entered Level 1 of the Lair of Beasts
 11311 | Lair:1   | Reached XP level 12. HP: 91/91 MP: 15/25
 11559 | Lair:1   | Offered knowledge of Mephitic Cloud by Vehumet.
 11578 | Lair:1   | Learned a level 3 spell: Mephitic Cloud
 11579 | Lair:1   | Noticed Gastronok
 11853 | Lair:1   | Killed Gastronok
 11854 | Lair:1   | Reached skill level 10 in Spellcasting
 11983 | Lair:1   | Reached skill level 1 in Poison Magic
 12097 | Lair:1   | Reached skill level 1 in Air Magic
 12156 | Lair:1   | Reached skill level 5 in Stealth
 12497 | Lair:2   | Noticed Harold
 12537 | Lair:1   | Killed Harold
 12758 | Lair:2   | Reached skill level 5 in Fighting
 12843 | Lair:2   | Reached **** piety under Vehumet
 13536 | Lair:3   | Offered knowledge of Fireball by Vehumet.
 13547 | Lair:3   | Learned a level 5 spell: Fireball
 13567 | Lair:3   | Noticed Nergalle
 13714 | Lair:3   | Killed Nergalle
 13720 | Lair:3   | Reached skill level 1 in Fire Magic
 13720 | Lair:3   | Noticed a five-headed hydra
 14196 | Lair:3   | Reached skill level 5 in Dodging
 14381 | Lair:3   | Killed a five-headed hydra
 14382 | Lair:3   | Reached XP level 13. HP: 101/101 MP: 10/27
 16204 | Lair:4   | Found a staircase to the Snake Pit.
 16244 | Lair:4   | Found a staircase to the Swamp.
 16764 | Lair:4   | Reached skill level 5 in Fire Magic
 17057 | Lair:4   | Reached ***** piety under Vehumet
 17222 | Lair:4   | Got a brightly glowing bronze ring
 17225 | Lair:4   | Identified the ring of Xuysaremo {rF+ rCorr Dex+3} (You
                  | found it on level 4 of the Lair of Beasts)
 17458 | Lair:5   | Noticed an entropy weaver
 17466 | Lair:5   | Killed an entropy weaver
 17499 | Lair:4   | Offered knowledge of Starburst by Vehumet.
 17526 | Lair:4   | Learned a level 6 spell: Starburst
 17596 | Lair:5   | Noticed an entropy weaver
 17687 | Lair:5   | Killed an entropy weaver
 17715 | Lair:5   | Reached XP level 14. HP: 111/111 MP: 7/29
 18163 | Lair:5   | Found a runed translucent door.
 18168 | Lair:5   | Noticed Olaeruacom's ghost (journeyman MiBe)
 18168 | Lair:5   | Identified the +1 trident "Taluced" {vorpal, Dex+4}
 18265 | Lair:5   | Found a viscous altar of Jiyva.
 18265 | Lair:5   | Found a staircase to the Slime Pits.
 18927 | Lair:5   | Identified a scroll of acquirement
 18954 | Lair:6   | Entered Level 6 of the Lair of Beasts
 19984 | Lair:6   | Offered knowledge of Ozocubu's Refrigeration by Vehumet.
 21376 | Orc:1    | Entered Level 1 of the Orcish Mines
 21726 | Orc:1    | Noticed an orc warlord
 21890 | Orc:1    | Killed an orc warlord
 22130 | Orc:2    | Entered Level 2 of the Orcish Mines
 22208 | Orc:2    | Found a staircase to the Elven Halls.
 22728 | Orc:1    | Noticed Erolcha
 22732 | Orc:1    | Killed Erolcha
 22733 | Orc:1    | Reached XP level 15. HP: 121/121 MP: 18/31
 22739 | Orc:1    | Found a roughly hewn altar of Beogh.
 22975 | D:6      | Bought a metal-bound book for 495 gold pieces
 23719 | Orc:2    | Offered knowledge of Orb of Destruction by Vehumet.
 24130 | Orc:2    | Found Aremirr's Weapon Shoppe.
 24131 | Orc:2    | Found Vanuv's Assorted Antiques.
 24231 | Orc:2    | Found Iraxaeh's Antique Weapon Emporium.
 24236 | Orc:2    | Found Wuycilic's General Store.
 24375 | Orc:2    | Bought a papyrus book for 495 gold pieces
 24375 | Orc:2    | Bought a metal-bound book for 495 gold pieces
 24375 | Orc:2    | Bought a scroll labelled EXKIOCLILI for 33 gold pieces
 24379 | Orc:2    | Acquired 766 gold pieces
 24382 | Orc:2    | Bought a paperback book for 495 gold pieces
 24546 | D:6      | Bought the +2 cloak of the Thief {*Fog Slay-2 SInv Stlth+}
                  | for 261 gold pieces
 24546 | D:6      | Found the +2 cloak of the Thief {*Fog Slay-2 SInv Stlth+}
 25052 | D:12     | Learned a level 7 spell: Orb of Destruction
 25063 | D:12     | Found Noddakea's Book Shop.
 25559 | D:13     | Noticed Jorgrun
 25564 | D:13     | Killed Jorgrun
 25631 | D:13     | Reached skill level 1 in Earth Magic
 27037 | D:14     | Offered knowledge of Yara's Violent Unravelling by Vehumet.
 27657 | D:14     | Reached skill level 10 in Fire Magic
 27947 | D:14     | Found a gate to the Vaults.
 28161 | D:14     | Found a shadowy altar of Dithmenos.
 28706 | D:15     | Entered Level 15 of the Dungeon
 29048 | D:15     | Got a faintly glowing hand axe
 29154 | D:15     | Found a stormy altar of Qazlal.
 29351 | D:15     | Reached XP level 16. HP: 132/132 MP: 8/33
 29790 | D:15     | Offered knowledge of Spellforged Servitor by Vehumet.
 30092 | D:15     | Found a staircase to the Depths.
 30306 | D:12     | Bought a book of the Earth for 650 gold pieces
 30313 | D:12     | Learned a level 6 spell: Iron Shot
 30416 | Lair:1   | Identified the +8 hand axe "Zucevasi" {pain, +Rage SInv}
                  | (You found it on level 15 of the Dungeon)
 30576 | Snake:1  | Entered Level 1 of the Snake Pit
 32103 | Snake:2  | Noticed Aizul
 32108 | Snake:2  | Killed Aizul
 32109 | Snake:2  | Reached skill level 5 in Earth Magic
 32333 | Snake:2  | Found Gaxae's Distillery.
 32335 | Snake:2  | Found Boinkalepn's Antique Armour Boutique.
 32335 | Snake:2  | Found Damer's Assorted Antiques.
 32340 | Snake:2  | Found Qutes's Book Boutique.
 34053 | Snake:3  | Offered knowledge of Conjure Ball Lightning by Vehumet.
 34810 | Snake:3  | Reached skill level 10 in Fighting
 35190 | Snake:3  | Found Teank's Distillery.
 35192 | Snake:3  | Found Duhet's Gadget Emporium.
 35195 | Snake:3  | Found Ostedud's Assorted Antiques.
 35357 | Snake:3  | Reached XP level 17. HP: 140/140 MP: 27/35
 35473 | Snake:4  | Entered Level 4 of the Snake Pit
 35781 | Snake:4  | Learned a level 6 spell: Conjure Ball Lightning
 38259 | Snake:4  | Reached skill level 15 in Conjurations
 38740 | Snake:4  | Offered knowledge of Ignition by Vehumet.
 38831 | Snake:4  | Reached skill level 5 in Air Magic
 39217 | Lair:1   | Learned a level 8 spell: Ignition
 40079 | Snake:4  | Reached skill level 15 in Spellcasting
 41015 | Snake:4  | Got a serpentine rune of Zot
 41521 | Vaults:1 | Entered Level 1 of the Vaults
 41795 | Vaults:1 | Reached XP level 18. HP: 151/151 MP: 32/37
 42295 | Vaults:1 | Found Omaucued's Gadget Emporium.
 42812 | Vaults:1 | Acquired 429 gold pieces
 43014 | Vaults:1 | Reached skill level 10 in Earth Magic
 43272 | Vaults:1 | Reached ****** piety under Vehumet
 43517 | Vaults:1 | Offered knowledge of Lehudib's Crystal Spear by Vehumet.
 43517 | Vaults:1 | Offered knowledge of Fire Storm by Vehumet.
 43517 | Vaults:1 | Offered knowledge of Absolute Zero by Vehumet.
 44608 | Vaults:2 | Found a magical portal.
 44625 | WizLab   | Entered Iskenderun's Mystic Tower
 45126 | Snake:2  | Bought a pair of glowing boots for 262 gold pieces
 45182 | Snake:3  | Bought a glowing buckler for 225 gold pieces
 46821 | Vaults:2 | Found a portal to a secret trove of treasure.
 47001 | Vaults:2 | Reached skill level 15 in Fire Magic
 47376 | Vaults:2 | Reached XP level 19. HP: 124/157 MP: 35/39
 49369 | Vaults:3 | Found a staircase to the Crypt.
 49369 | Vaults:3 | Found an ancient bone altar of Kikubaaqudgha.
 49370 | Vaults:3 | Found a basalt altar of Yredelemnul.
 51751 | Vaults:4 | Shot with a bolt by a yaktaur captain

Illustrated notes

Levels and vault maps discovered:
D:1:      minmay_arrival_stair_chambers, layout_basic
D:2:      layout_rooms, palyth_stone_intersect, nemelex_lonely_heart_becter
D:3:      layout_basic
D:4:      layout_gridville
D:5:      layout_basic, kennysheep_cross_room, uniq_pikel
D:6:      layout_rooms, lemuel_zombie_altar_yredelemnul,
          minmay_temple_entry_ruins, serial_shops,
          nicolae_shop_overgrown_old_shop, shop
D:7:      layout_loops_ring, kb_lookout_dungeons_type, st_stairs_5,
          uniq_menkaure
D:8:      layout_loops_ring, nicolae_ossuary_entry_monument,
          minmay_stone_trees_large, uniq_psyche, uniq_maggie, uniq_maurice
D:9:      layout_cave_pools, minmay_misc_feat_five, grunt_ministairs_2,
          okawaru_metal_pillars_1_2
D:10:     minmay_cornered_nines, layout_rooms, dpeg_lair_monsters, uniq_joseph
D:11:     layout_rooms, orc_0_dummy, lemuel_statue_altar
D:12:     layout_roguey, serial_shops, nicolae_shop_window_shopping
D:13:     layout_cave_pools, serial_rivers, chequers_serial_rivers_large_a,
          chequers_serial_rivers_micro_b, chequers_serial_rivers_micro_d,
          chequers_serial_rivers_micro_d, chequers_serial_rivers_small_a,
          uniq_jorgrun
D:14:     layout_irregular_city, david_vaults_5, grunt_dithmenos_shadows
D:15:     hangedman_depths_entry_try_elsewhere_first, layout_cave_pods,
          serial_column_ruins, column_ruins_temple_hall,
          column_ruins_hut_ruined, column_ruins_grid_2,
          column_ruins_open_medium, column_ruins_columns_dead_end,
          column_ruins_open_tiny, column_ruins_open_tiny, column_ruins_grid_1
Temple:   grunt_wide_crystal_templ
Lair:1:   layout_hall_layers, infiniplex_staircase_pool, uniq_gastronok
Lair:2:   dpeg_oklob_gauntlet, layout_misc_corridors, grunt_megastairs_4,
          uniq_harold
Lair:3:   layout_regular_city, serial_bayou_shore_b, grunt_megastairs_5,
          uniq_nergalle
Lair:4:   nzn_winding_woodlands_medium [nzn_winding_woodlands_5x5_default,
          nzn_winding_woodlands_5x15_garden,
          nzn_winding_woodlands_5x5_open_star, nzn_winding_woodlands_hourglass,
          nzn_winding_woodlands_center_triple_pond,
          nzn_winding_woodlands_5x5_closed_star,
          nzn_winding_woodlands_5x5_checkerboard,
          nzn_winding_woodlands_5x15_sawtooth, nzn_winding_woodlands_5x5_three],
          layout_loops_ring, minmay_swamp_entry_wisps,
          guppyfry_snake_entry_island, serial_bayou_pond_c,
          minmay_lair_oklob_items
Lair:5:   layout_regular_city, dpeg_slime_entry_enclosed_altar,
          ebering_ghost_funeral_grove, enter_volcano_1, minmay_another_anthill
Lair:6:   gammafunk_lair_ancient_temple, layout_cave_pods,
          infiniplex_staircase_pool_2
Snake:1:  layout_onion
Snake:2:  layout_grid_shapes, minmay_shoptagon, uniq_aizul
Snake:3:  layout_misc_corridors, st_stairs_8, drop_trap, serial_bayou_lagoon_a,
          evilmike_ambush [evilmike_ambush_outer_basic,
          evilmike_ambush_inner_cross], minmay_shop_star
Snake:4:  grunt_snake_rune_serpentine_throne, layout_basic, lemuel_fruit_tree
Orc:1:    nicolae_orc_accident_3, layout_caves, basic_altar, uniq_erolcha
Orc:2:    st_orc_mages, layout_diamond_mine
Vaults:1: nicolae_vaults_triangles, vaults_dpeg_encased_lava,
          nicolae_vaults_circle_grid_a, hangedman_vaults_hat,
          vaults_room_grunt_arrival_ludios, v_misc_22, v_pattern_4,
          nicolae_vaults_little_squares_4, hangedman_vaults_snaps,
          nicolae_vaults_what_the_h, nicolae_vaults_rhombus_7,
          vaults_room_mumra_shop_pool, layout_vaults_omnibox
Vaults:2: v_misc_29, nicolae_vaults_network_star, st_more_cells,
          nicolae_vaults_rhombus_7, vaults_room_stairs_pillars,
          hangedman_vaults_nodes, hangedman_vaults_locks, v_misc_11,
          ontoclasm_vaults_gateway, nicolae_vaults_mini_display_case,
          layout_vaults_omnigrid, nicolae_trove_entry_crossroad,
          infiniplex_enter_wizlab_glasses, uniq_margery
Vaults:3: v_misc_29, nicolae_vaults_little_squares_6, v_misc_1,
          ontoclasm_vaults_ring_square, v_misc_19, v_misc_30,
          hangedman_vaults_impose, ontoclasm_vaults_ligature,
          minmay_crypt_entry_necro_gods, layout_vaults_chaotic_city
Vaults:4: biasface_vaults_ghost_orc_armoury, hangedman_vaults_unwind,
          hangedman_vaults_slither, vaults_dpeg_ring,
          nicolae_vaults_little_squares_1,
          nicolae_vaults_windows_and_doors_thing,
          nicolae_vaults_yaktaur_gun_rack, dpeg_vaults_monster_box,
          nicolae_vaults_network_square, nicolae_vaults_ring_of_whatevers,
          layout_vaults_maze_bifur, portal_desolation_entry_salt

Skill      XL: |  1  2  3  4  5  6  7  8  9 10 11 12 13 14 15 16 17 18 19 |
---------------+----------------------------------------------------------+-----
Stealth        | 2 3 4 5 6 7 8 9 |  9.0
Dodging        | 2 4 5 6 |  6.0
Spellcasting   | 3 4 5 6 7 8 9 10 11 12 13 14 15 16 17 | 17.0
Conjurations   | 5 6 7 8 9 10 11 12 14 15 | 15.2
Hexes          | 1 2 3 4 5 6 7 8 9 |  9.0
Translocations | 1 2 3 5 6 7 8 9 |  9.0
Shields        | 2 4 |  4.0
Fighting       | 2 4 5 6 7 9 10 11 | 11.0
Poison Magic   | 2 3 |  3.0
Air Magic      | 2 3 6 |  6.0
Fire Magic     | 2 6 9 10 11 15 17 | 17.4
Earth Magic    | 4 8 9 10 | 10.0

Action                   |  1- 3 |  4- 6 |  7- 9 | 10-12 | 13-15 | 16-18 | 19-21 || total
-------------------------+-------+-------+-------+-------+-------+-------+-------++-------
Melee: Club              |    11 |       |       |       |       |       |       ||    11
       Dagger            |    31 |    20 |    54 |    25 |       |       |       ||   130
       Tailslap          |     3 |       |     4 |     3 |     1 |       |       ||    11
       Staff             |       |       |     1 |     3 |    12 |       |       ||    16
Throw: Dart              |       |       |     5 |     1 |       |       |       ||     6
 Cast: Magic Dart        |    45 |    29 |    24 |    18 |    39 |     6 |       ||   161
       Searing Ray       |     5 |    23 |    39 |    51 |    72 |    15 |       ||   205
       Iskenderun's Myst |       |       |     4 |    70 |   134 |   126 |    16 ||   350
       Fulminant Prism   |       |       |    10 |   130 |   247 |    59 |     2 ||   448
       Mephitic Cloud    |       |       |       |     1 |     2 |       |       ||     3
       Fireball          |       |       |       |       |    85 |    27 |    10 ||   122
       Starburst         |       |       |       |       |    13 |     4 |       ||    17
       Orb of Destructio |       |       |       |       |    37 |    97 |    29 ||   163
       Iron Shot         |       |       |       |       |       |    77 |    25 ||   102
       Conjure Ball Ligh |       |       |       |       |       |   166 |    43 ||   209
 Abil: Breathe Fire      |       |       |       |       |       |     1 |       ||     1
Evoke: Wand              |       |       |     4 |     4 |       |       |     1 ||     9
  Use: Scroll            |       |     4 |    14 |     4 |    12 |     8 |     1 ||    43
       Potion            |       |       |       |     3 |       |       |     3 ||     6
 Stab: Sleeping          |     1 |       |       |       |       |       |       ||     1
       Paralysed         |       |       |     7 |       |       |       |       ||     7
Armor: Skin              |     8 |     5 |    45 |    42 |    47 |    50 |    16 ||   213
Dodge: Dodged            |    36 |    27 |    73 |    54 |    90 |   108 |    23 ||   411
Block: Buckler           |       |       |       |    24 |    30 |    34 |    11 ||    99
